 Dungeon Crawl Stone Soup version 0.28.0-1-gb440e238dd (webtiles) character file.

Game seed: 7864057149127694075

8630 theElss the Fighter (level 11, -2/72 HPs)
             Began as a Gargoyle Berserker on Feb 21, 2022.
             Was an Elder of Trog.
             Incinerated by a smoke demon (5 damage)
             ... with a sticky flame
             ... on level 11 of the Dungeon.
             The game lasted 00:22:28 (10049 turns).

theElss the Fighter (Gargoyle Berserker)           Turns: 10049, Time: 00:22:29

Health: -2/72      AC: 26    Str: 23    XL:     11   Next: 33%
Magic:  11/11      EV: 11    Int:  8    God:    Trog [****..]
Gold:   839        SH: 11    Dex: 11    Spells: 10/10 levels left

rFire   . . .      SeeInvis .   b - +5 whip (flame)
rCold   + . .      Faith    .   v - +0 kite shield
rNeg    + . .      Spirit   .   L - +0 plate armour
rPois   ∞          Reflect  +   (no helmet)
rElec   +          Harm     .   m - +1 cloak
rCorr   .          Rampage  .   q - +0 pair of gloves
Will    .....                   (no boots)
Stlth   ..........              f - amulet of reflection
HPRegen 0.22/turn               p - +4 ring of evasion
MPRegen 0.12/turn               s - ring of protection from cold

@: mighty, on fire, about to teleport, on berserk cooldown, slowed, glowing,
very slow
A: sickness immunity, AC +8, negative energy resistance 1, electricity
resistance, torment resistance 1, petrification resistance
a: Renounce Religion, Berserk, Trog's Hand, Brothers in Arms


You were on level 11 of the Dungeon.
You worshipped Trog.
Trog was greatly pleased with you.
You visited 1 branch of the dungeon, and saw 11 of its levels.

You collected 839 gold pieces.

Inventory:

Hand Weapons
 b - a +5 whip of flaming (weapon)
 l - a +1 whip of draining
Armour
 k - a +0 chain mail
 m - a +1 cloak (worn)
 q - a +0 pair of gloves (worn)
 v - a +0 kite shield (worn)
 L - a +0 plate armour (worn)
Jewellery
 f - an amulet of reflection (around neck)
 p - a +4 ring of evasion (left hand)
 s - a ring of protection from cold (right hand)
 A - a ring of see invisible
 C - a +4 ring of evasion
 D - a ring of positive energy
 E - an amulet of faith
 K - a ring of protection from fire
 O - a ring of resist corrosion
Wands
 r - a wand of iceblast (17)
 w - a wand of flame (19)
 F - a wand of charming (5)
 I - a wand of polymorph (7)
Scrolls
 a - a scroll of amnesia {unknown}
 d - a scroll of noise {unknown}
 g - 5 scrolls of teleportation
 i - 3 scrolls of immolation
 n - 3 scrolls of magic mapping
 o - a scroll of fear {unknown}
 t - 3 scrolls of holy word
 u - a scroll of summoning {unknown}
 y - a scroll of silence {unknown}
 G - 2 scrolls of enchant weapon
 H - 3 scrolls of enchant armour
 J - a scroll of blinking {unknown}
 M - a scroll of torment {unknown}
Potions
 c - a potion of magic
 e - 3 potions of mutation
 h - 6 potions of curing
 j - 2 potions of lignification
 x - 2 potions of flight
 z - 2 potions of ambrosia
 B - 4 potions of attraction


   Skills:
 + Level 10.1 Fighting
 + Level 9.3 Maces & Flails
 + Level 9.8 Armour
 + Level 7.5 Dodging


You had 10 spell levels left.
You didn't know any spells.
Your spell library was empty.

Dungeon Overview and Level Annotations

Branches:
Dungeon (11/15)            Temple (0/1) D:4             Orc (0/2) D:10
   Lair: D:8-11

Altars:
Trog

Shops:
D:8 (


Innate Abilities, Weirdness & Mutations

You are immune to sickness and miasma.
Your stone body is resilient. (AC +8)
You are immune to poison.
You resist negative energy. (rN+)
You are resistant to electric shocks. (rElec)
You are resistant to unholy torment.
You are immune to petrification.


Message History

You are engulfed in a cloud of scalding steam.
* * * LOW HITPOINT WARNING * * *
You whack the smoke demon!
The smoke demon is moderately wounded.
You are engulfed in a cloud of scalding steam.
The kobold demonologist mumbles some strange words.
You block the smoke demon's attack.
The smoke demon hits you but does no damage.
You block the smoke demon's attack.
You thrash the smoke demon!!
The smoke demon is severely wounded.
You are engulfed in a cloud of scalding steam.
* * * LOW HITPOINT WARNING * * *
You are no longer berserk.
You are exhausted.
You feel yourself slow down.
As you read the scroll of teleportation, it crumbles to dust.
You feel strangely unstable.
The smoke demon hits you but does no damage.
The smoke demon barely misses you.
The smoke demon hits you but does no damage.
The smoke demon gestures at you.
The sticky flame hits you but does no damage.
You are covered in liquid flames!
It was a potion of might.
You feel very mighty all of a sudden.
You are covered in liquid flames!
* * * LOW HITPOINT WARNING * * *
The kobold demonologist begins to cast a cantrip, but forgets the words!
The smoke demon hits you.
* * * LOW HITPOINT WARNING * * *
The smoke demon hits you but does no damage.
The smoke demon misses you.
The kobold demonologist mumbles some strange words.
Okay, then.
As you read the scroll labelled AXAG JYDUTTETI, it crumbles to dust.
It is a scroll of enchant armour.
Your +0 cloak glows green for a moment.
You are covered in liquid flames!
You die... #.# #.# #.. #.# #.# #K# #.# KK#

#.# #K# #.#
#3# #.# #@#
#.# #)####.###
#....#...#
#.###.##.#
^..#
#.##.########
###.#
#.##........#
##.
..##.######.##
# #.##.#
##...# #.##.#
##.....


You could see a kobold demonologist, a smoke demon (summoned), a kobold brigand
and 2 kobolds.

Vanquished Creatures
  A two-headed ogre (D:8)
  A centaur zombie (D:6)
  3 kobold demonologists
  A troll (D:7)
  8 yaks
  A wraith (D:10)
  A wyvern (D:9)
  2 steam dragons (D:6)
  Grum (D:9)
  4 vampire mosquitoes (D:10)
  An acid dragon (D:8)
  4 water moccasins
  2 orc warriors
  A black bear (D:8)
  2 ice beasts
  A sky beast (D:5)
  An ogre (D:5)
  3 wolves (D:9)
  A necrophage (D:4)
  2 centaurs
  A phantom (D:7)
  2 gnoll sergeants
  2 bullfrogs
  4 kobold brigands
  A scorpion (D:7)
  A wyvern zombie (D:7)
  2 wyvern skeletons
  A water moccasin skeleton (D:5)
  8 killer bees (D:10)
  9 howler monkeys
  8 wights
  2 electric eels (D:7)
  5 orc priests
  2 jellies (D:4)
  Crazy Yiuf (D:2)
  A bullfrog skeleton (D:5)
  A hound (D:6)
  2 iguanas
  Ijyb (D:3)
  3 orc wizards
  15 gnolls
  11 adders
  A shadow imp (D:7)
  3 worms
  37 orcs
  12 ball pythons
  6 endoplasms
  A giant cockroach (D:4)
  12 goblins
  5 hobgoblins
  A jackal (D:3)
  18 kobolds
  3 quokkas
  9 bats
  6 frilled lizards
  10 rats
  A spectral kobold (D:1)
249 creatures vanquished.

Vanquished Creatures (others)
  A bat (D:3)
  5 plants (D:7)
6 creatures vanquished.

Grand Total: 255 creatures vanquished

Notes
Turn   | Place    | Note
-------+----------+-------------------------------------------
     0 | D:1      | theElss the Gargoyle Berserker began the quest for the Orb.
     0 | D:1      | Reached XP level 1. HP: 14/14 MP: 1/1
   185 | D:1      | Found a faded altar of an unknown god.
   258 | D:1      | Reached XP level 2. HP: 19/19 MP: 2/2
  1320 | D:2      | Reached XP level 3. HP: 23/23 MP: 3/3
  1407 | D:2      | Reached ** piety under Trog
  1408 | D:2      | Reached XP level 4. HP: 21/29 MP: 4/4
  1830 | D:2      | Found a runed translucent door.
  1831 | D:2      | Noticed Crazy Yiuf
  1839 | D:2      | Killed Crazy Yiuf
  1840 | D:2      | Reached skill level 4 in Fighting
  2164 | D:2      | Reached XP level 5. HP: 33/33 MP: 5/5
  2520 | D:3      | Noticed Ijyb
  2529 | D:3      | Killed Ijyb
  3154 | D:4      | Reached XP level 6. HP: 37/39 MP: 6/6
  3255 | D:4      | Reached *** piety under Trog
  3377 | D:4      | Identified the +1 ring mail "Maonisui" {+Inv rC- Int+9
                  | Dex-2}
  3602 | D:4      | Found a staircase to the Ecumenical Temple.
  3618 | D:4      | Noticed a necrophage
  3623 | D:4      | Killed a necrophage
  3624 | D:4      | Reached skill level 5 in Fighting
  3624 | D:4      | Reached XP level 7. HP: 44/44 MP: 7/7
  3947 | D:5      | Entered Level 5 of the Dungeon
  4149 | D:5      | Reached skill level 5 in Maces & Flails
  4251 | D:5      | Reached skill level 5 in Armour
  4316 | D:5      | Found a bloodstained altar of Trog.
  4598 | D:5      | Reached XP level 8. HP: 50/51 MP: 8/8
  4826 | D:6      | Reached skill level 6 in Fighting
  5388 | D:6      | Reached XP level 9. HP: 49/56 MP: 9/9
  5515 | D:6      | Reached skill level 7 in Fighting
  5527 | D:6      | Reached skill level 5 in Dodging
  6469 | D:7      | Noticed a troll
  6477 | D:7      | Killed a troll
  6550 | D:7      | Reached skill level 8 in Fighting
  6748 | D:8      | Reached **** piety under Trog
  6800 | D:8      | Noticed a two-headed ogre
  6828 | D:8      | Killed a two-headed ogre
  6829 | D:8      | Reached XP level 10. HP: 56/65 MP: 10/10
  7633 | D:8      | Found Itwu's Antique Weapon Boutique.
  8205 | D:9      | Reached skill level 9 in Fighting
  8598 | D:9      | Noticed Grum
  8626 | D:9      | Killed Grum
  8741 | D:10     | Entered Level 10 of the Dungeon
  8837 | D:10     | Noticed a kobold demonologist
  8854 | D:10     | Noticed a kobold demonologist
  8861 | D:10     | Noticed a sun demon
  8873 | D:9      | Killed a kobold demonologist
  9177 | D:10     | Noticed a rust devil
  9182 | D:9      | Killed a kobold demonologist
  9183 | D:9      | Reached XP level 11. HP: 72/72 MP: 11/11
  9371 | D:10     | Found a staircase to the Orcish Mines.
  9425 | D:10     | Reached skill level 10 in Fighting
 10021 | D:11     | Noticed a sun demon
 10048 | D:11     | HP: 3/72 [smoke demon[a kobold demonologist] (2)]
 10049 | D:11     | Incinerated by a smoke demon

Illustrated notes

Levels and vault maps discovered:
D:1:      psy_arrival_statuary, layout_basic,
          dreamdust_ecumenical_altar_drowned_temple
D:2:      layout_rooms, minmay_pentomino_p4, uniq_crazy_yiuf_cottage
D:3:      minmay_skewed_foursquare, layout_rooms, hangedman_decor_growths,
          minmay_starry_boxes, uniq_ijyb
D:4:      layout_layer_cave, temple_pool_b
D:5:      layout_loops_ring, bloody_trog, grunt_ministairs_7
D:6:      layout_basic
D:7:      layout_basic, enter_bailey_5, serial_bayou_ford_a
D:8:      layout_cave_pods, serial_shops, nicolae_shop_trees,
          grunt_decor_resistance
D:9:      layout_roguey, uniq_grum
D:10:     nicolae_cairo_tiling, layout_rooms, orc_david_3
D:11:     hellmonk_destroyed_diamonds, layout_loops_ring, lair_entry_dummy,
          serial_shops, kennysheep_little_box, nrook_mini_backslash

Skill      XL: |  1  2  3  4  5  6  7  8  9 10 11 |
---------------+----------------------------------+-----
Dodging        | 2 3 4 6 7 |  7.5
Armour         | 3 4 5 6 8 9 |  9.8
Fighting       | 4 5 6 8 9 10 | 10.1
Maces & Flails | 4 5 6 7 8 9 |  9.3

Action                   |  1- 3 |  4- 6 |  7- 9 | 10-12 || total
-------------------------+-------+-------+-------+-------++-------
Melee: Mace              |    74 |     5 |       |       ||    79
       Whip              |       |   171 |   331 |   436 ||   938
Invok: Berserk           |     1 |     4 |     8 |     5 ||    18
       Trog's Hand       |       |       |       |     3 ||     3
  Use: Scroll            |       |       |    10 |     6 ||    16
       Potion            |       |       |       |     1 ||     1
Armor: Animal skin       |    17 |       |       |       ||    17
       Chain mail        |     3 |    63 |   105 |     7 ||   178
       Skin              |       |       |    10 |     1 ||    11
       Plate armour      |       |       |       |   146 ||   146
Dodge: Dodged            |    49 |    53 |   109 |   145 ||   356
Block: Buckler           |    22 |    42 |       |       ||    64
       Kite shield       |       |    14 |   155 |   238 ||   407
       Reflection        |       |       |       |     4 ||     4
